Map: Acropolis LE

Players

Nerchio

  • Race: Zerg Zerg
  • Spawn Location: 5:00

ButAlways - Winner!

  • Race: Protoss Protoss
  • Spawn Location: 11:00

Event: 2019 WCS Summer

VOD

Have the link to the VOD?

Description

Time

  • Played on: July 12, 2019, 2:01 p.m.
  • Length: 6:03

All games in this series

Show
View Real Time Build Order
Export as new Build Order

Nerchio Zerg 

Build Orders: Hatch First 

Get SALT Encoding   

  12  0:01  Drone  
  13  0:12  Overlord  
  13  0:16  Drone  
  14  0:30  Drone x2  
  16  0:47  Hatchery  
  15  0:51  Drone  
  15  0:54  Drone  
  17  0:58  Drone  
  18  1:05  Extractor  
  17  1:13  Spawning Pool  
  17  1:16  Drone  
  17  1:20  Drone  
  18  1:27  Drone  
  19  1:38  Overlord  
  19  1:49  Drone  
  20  2:00  Zergling x2  
  20  2:01  Zergling x2, Queen x2  
  26  2:08  Metabolic Boost  
  26  2:11  Zergling x2  
  26  2:14  Zergling x2  
  28  2:29  Zergling x4  
  30  2:34  Spine Crawler  
  29  2:39  Queen  
  30  2:48  Zergling x2  
  30  2:49  Zergling x2  
  32  2:53  Spine Crawler  
  31  3:01  Zergling x4  
  31  3:06  Zergling x2  
  31  3:07  Zergling x4  
  31  3:10  Zergling x2  
  34  3:14  Zergling x2  
  33  3:21  Zergling x4  
  33  3:24  Zergling x2  
  36  3:38  Overlord  
  31  3:48  Zergling x2  
  31  3:49  Zergling x8  
  35  3:57  Zergling x2  
  36  4:03  Zergling x2  
  36  4:05  Zergling x2  
  35  4:11  Zergling x2  
  33  4:22  Zergling x2  
  29  4:26  Spine Crawler x2  
  29  4:28  Zergling x4  
  28  4:36  Zergling x2  
  28  4:37  Zergling x2  
  29  4:44  Zergling x2  
  29  5:01  Drone x3  
  30  5:09  Spine Crawler  
  28  5:17  Spine Crawler  
  26  5:23  Spine Crawler  
  26  5:24  Spine Crawler  
  24  5:36  Zergling x6  
  24  5:42  Drone  
  27  5:43  Drone  
  28  5:50  Drone  
Show
View Real Time Build Order
Export as new Build Order

ButAlways Protoss - Winner!

Build Orders:  

Get SALT Encoding   

  12  0:09  Pylon  
  12  0:13  Probe  
  13  0:27  Gateway  
  13  0:30  Probe  
  14  0:43  Probe  
  14  0:44  Assimilator  
  15  0:55  Probe  
  16  1:06  Gateway  
  16  1:07  Probe  
  17  1:15  Cybernetics Core  
  17  1:19  Probe  
  18  1:31  Probe  
  19  1:43  Adept, Warp Gate  
  19  1:46  Adept  
  21  1:55  Pylon  
  23  2:12  Adept  
  25  2:17  Shield Battery x2  
  25  2:18  Adept  
  25  2:21  Shield Battery  
  27  2:26  Shield Battery  
  27  2:43  Adept  
  29  2:50  Pylon x2  
  29  2:55  Pylon  
  29  3:00  Pylon  
  29  3:15  Gateway  
  29  3:21  Shield Battery  
  29  3:23  Shield Battery  
  29  3:32  Stalker  
  31  3:40  Adept  
  33  3:51  Shield Battery  
  33  3:56  Stalker  
  35  4:06  Stalker  
  37  4:13  Pylon  
  37  4:29  Pylon  
  37  4:32  Adept  
  37  4:33  Pylon  
  39  4:48  Shield Battery  
  39  4:49  Adept  
  41  4:54  Adept  
  43  5:05  Adept  
  45  5:07  Robotics Facility  
  43  5:22  Adept x2  
  47  5:37  Adept  
  47  5:42  Adept x2  
  53  5:57  Pylon  
Tags
 
Add a new tag
Caveats
  • Supply blocks, unpowered buildings, or Contaminate may cause inaccurate times.
  • Supply counts are checked every 10 seconds.